 Dungeon Crawl Stone Soup version 0.30-a0-210-g01b79a254e (webtiles) character file.

Game seed: 8755005166962550498

260 themarg the Ruffian (level 5, -5/53 HPs)
             Began as a Troll Fighter on Oct 4, 2022.
             Shot with an arrow by a centaur (10 damage)
             ... on level 4 of the Dungeon on Oct 5, 2022.
             The game lasted 00:11:41 (3069 turns).

themarg the Ruffian (Troll Fighter)                 Turns: 3069, Time: 00:11:41

Health: -5/53      AC:  5    Str: 26    XL:     5   Next: 95%
Magic:  4/4        EV:  8    Int:  4    God:
Gold:   161        SH:  8    Dex:  9    Spells: 4/4 levels left

rFire   . . .      SeeInvis .      - Unarmed
rCold   . . .      Faith    .    b - +1 kite shield
rNeg    + . .      Spirit   .    a - +0 robe
rPois   .          Reflect  .    (helmet restricted)
rElec   .          Harm     .    r - +0 cloak
rCorr   .          Rampage  .    (gloves unavailable)
Will    .....                    (boots unavailable)
Stlth   +.........               (no amulet)
HPRegen 1.08/turn                h - +4 ring of slaying
MPRegen 0.09/turn                s - ring of positive energy

@: no status effects
A: large, unfitting armour, claws 3, regeneration 1, shaggy fur 1, tough skin 1
a: no special abilities


You were on level 4 of the Dungeon.
You visited 1 branch of the dungeon, and saw 4 of its levels.

You collected 187 gold pieces.
You spent 26 gold pieces at shops.

Inventory:

Missiles
 f - 4 curare-tipped darts (quivered)
 m - 6 poisoned darts
 u - 2 javelins
 A - 5 large rocks
Armour
 a - a +0 robe (worn)
 b - a +1 kite shield (worn)
 r - a +0 cloak (worn)
Jewellery
 h - a +4 ring of slaying (left claw)
 s - a ring of positive energy (right claw)
Wands
 v - a wand of flame (24)
 x - a wand of quicksilver (1)
Scrolls
 i - 2 scrolls of noise {unknown}
 o - 2 scrolls of amnesia
 p - 2 scrolls of immolation {unknown}
 t - a scroll of butterflies {unknown}
 y - 2 scrolls of enchant armour
 z - a scroll of identify
 B - a scroll of vulnerability {unknown}
Potions
 c - 2 potions of might
 d - 2 potions of mutation
 e - a potion of cancellation {unknown}
 g - 2 potions of attraction
 j - a potion of heal wounds {unknown}
 k - 2 potions of magic {unknown}
 l - 2 potions of degeneration {unknown}
 n - a potion of ambrosia {unknown}
 q - 2 potions of brilliance {unknown}
 w - a potion of curing {unknown}


   Skills:
 + Level 3.4 Fighting
 - Level 2.4 Dodging
 + Level 3.8 Shields
 * Level 4.6 Unarmed Combat


You had 4 spell levels left.
You didn't know any spells.
Your spell library contained the following spells:

 Spells                   Type           Power      Damage    Failure   Level
 Sublimation of Blood     Necr           0%         N/A       90%         2
 Wereblood                Tmut           0%         N/A       90%         2
 Gell's Gravitas          Tloc           0%         N/A       99%         3
 Ignite Poison            Fire/Tmut/Pois 0%         N/A       99%         3
 Kindle Blastsparks       Fire/Tloc/Air  0%         2d10      99%         3
 Lesser Beckoning         Tloc           0%         N/A       99%         3
 Ozocubu's Armour         Ice            0%         N/A       99%         3
 Teleport Other           Tloc           0%         N/A       99%         3
 Freezing Cloud           Conj/Ice/Air   0%         6-21      100%        5
 Metabolic Englaciation   Hex/Ice        0%         N/A       100%        5
 Simulacrum               Ice/Necr       0%         N/A       100%        6
 Summon Hydra             Summ           0%         N/A       100%        7


Dungeon Overview and Level Annotations

Branches:
Dungeon (4/15)
 Temple: D:4-7

Altars:
Qazlal
Vehumet

Shops:
D:1 (

Annotations:
D:3 Sigmund
D:4 2 transporters, exclusion: centaur, Valamore's ghost, amateur OgFE


Innate Abilities, Weirdness & Mutations

You are too large for most types of armour.
You have claws for hands.
Your natural rate of healing is unusually fast.
You are covered in fur. (AC +1)
You have tough skin. (AC +1)


Message History

The endoplasm is heavily wounded.
The endoplasm freezes you.
You are frozen.
You claw the endoplasm!
You kill the endoplasm!
i - 2 scrolls labelled UNWOAXU CYMI (gained 1)
An iguana comes into view.
You mangle the iguana!!
You kill the iguana!
You see here an iguana corpse.
An endoplasm comes into view.
The endoplasm quivers.
You claw the endoplasm!
You kill the endoplasm!
There is a shaft here.
The steam dragon hisses angrily.
Partly explored, unvisited transporter and can't reach some places.
Really walk into a travel-excluded area?
The centaur wields a +0 shortbow.
The centaur shoots an arrow.
The arrow hits you!
The centaur shoots an arrow.
The arrow hits you!
The centaur shoots an arrow.
You block the arrow.
The centaur shoots an arrow.
The arrow hits you!
The centaur shoots an arrow.
You block the arrow.
The centaur shoots an arrow.
You block the arrow.
The centaur shoots an arrow.
The arrow misses you.
The centaur shoots an arrow.
The arrow hits you!
The centaur shoots an arrow.
The arrow barely misses you.
The centaur shoots an arrow.
The arrow hits you!
* * * LOW HITPOINT WARNING * * *
The centaur shoots an arrow.
The arrow hits you!
* * * LOW HITPOINT WARNING * * *
There is an open door here.
The centaur shoots an arrow.
The arrow hits you.
* * * LOW HITPOINT WARNING * * *
As you read the scroll labelled YHOPID LAAJUKUNID, it crumbles to dust.
It is a scroll of enchant armour.
Your +0 kite shield glows green for a moment.
The centaur shoots an arrow.
The arrow hits you!
You die...

#......P.♣♣.......#####.P......
#....♣.♣♣♣♣P......#......P♣P...
#....♣♣♣♣P.♣......#...P...♣PP..
#.....P♣♣♣PP......#...P♣♣♣♣PP..
#........♣..####+###.P.♣ ♣♣P..
#......P..P.......##...♣♣♣♣♣...
#.........c............PP......
#.........#.......######.......
#.........#...@...##..<........
#.........##########.....#.....
#..................#.....#.....
#..................#.....+.....
#..................#.....#.....
#....c.............#.....#.....
#.............._...#...>.#.....
#...........(......#######.....
#.......♣.♣........# ###'##


You could see a centaur.

Vanquished Creatures
  An orc priest (D:3)
  A hound (D:4)
  Ijyb (D:3)
  An iguana (D:4)
  Robin (D:3)
  5 adders
  3 worms
  A dart slug (D:3)
  10 orcs (D:3)
  9 ball pythons
  4 endoplasms
  10 goblins
  6 hobgoblins
  6 jackals (D:3)
  4 kobolds
  5 bats
  4 frilled lizards
  A rat (D:3)
  A toadstool (D:1)
74 creatures vanquished.

Vanquished Creatures (others)
  A goblin (D:3)
  A plant (D:4)
  3 toadstools (D:1)
5 creatures vanquished.

Grand Total: 79 creatures vanquished

Notes
Turn   | Place    | Note
-------+----------+-------------------------------------------
     0 | D:1      | themarg the Troll Fighter began the quest for the Orb.
     0 | D:1      | Reached XP level 1. HP: 22/22 MP: 0/0
   204 | D:1      | Found Apsewn's Weapon Shoppe.
   216 | D:1      | Bought 4 curare-tipped darts for 26 gold pieces
   299 | D:1      | Reached XP level 2. HP: 29/29 MP: 1/1
   743 | D:2      | Found a faded altar of an unknown god.
  1156 | D:3      | Reached XP level 3. HP: 36/36 MP: 2/2
  1280 | D:3      | Reached skill level 3 in Unarmed Combat
  1360 | D:3      | Found a stormy altar of Qazlal.
  1424 | D:3      | Noticed Ijyb
  1453 | D:3      | Killed Ijyb
  1454 | D:3      | Reached XP level 4. HP: 31/45 MP: 3/3
  1598 | D:3      | Noticed Sigmund
  1865 | D:3      | Noticed Robin
  1879 | D:3      | Killed Robin
  1956 | D:3      | Reached skill level 4 in Unarmed Combat
  1956 | D:3      | Reached XP level 5. HP: 53/53 MP: 4/4
  2459 | D:4      | Found a transporter.
  2462 | D:4      | Noticed a steam dragon
  2463 | D:4      | Noticed Valamore's ghost (amateur OgFE)
  2483 | D:4      | Found a radiant altar of Vehumet.
  2500 | D:4      | Noticed a centaur
  2518 | D:4      | Found a transporter.
  3069 | D:4      | Shot with an arrow by a centaur

Illustrated notes

Levels and vault maps discovered:
D:1:      ldierk_water_garden, layout_basic, serial_shops,
          nicolae_shop_bloodbath_and_beyond, minmay_misc_feat_rows,
          chequers_mini_garden
D:2:      layout_rooms, shapermc_ecumenical_altar_mp_highgroup
D:3:      layout_basic, mainiacjoe_overflow_small_starburst,
          kennysheep_generic_room_3, uniq_robin, uniq_ijyb, uniq_sigmund
D:4:      layout_gridville, overflow_temple_1_default, serial_forest,
          infiniplex_forest_clump_diagonal, infiniplex_forest_clump_medium,
          infiniplex_forest_corner_1, infiniplex_forest_lined_4_way,
          infiniplex_forest_clump_medium, infiniplex_forest_straight_3,
          infiniplex_forest_corner_1, gammafunk_ghost_arena, minmay_diced_spiral

Skill      XL: |  1  2  3  4 |
---------------+-------------+-----
Shields        | 3 |  3.8
Unarmed Combat | 3 4 |  4.6
Fighting       | 3 |  3.4
Dodging        | |  2.4

Action                   |  1- 3 |  4- 6 || total
-------------------------+-------+-------++-------
Melee: Unarmed           |   107 |    89 ||   196
  Use: Scroll            |       |     4 ||     4
 Stab: Sleeping          |       |     1 ||     1
Armor: Robe              |    24 |    22 ||    46
Dodge: Dodged            |    26 |    21 ||    47
Block: Kite shield       |    31 |    26 ||    57

Table legend: (Time is in decaauts)
 A = Elapsed time spent in this place.
 B = Non-inter-level travel time spent in this place.
 C = Inter-level travel time spent in this place.
 D = Time resting spent in this place.
 E = Time spent auto-exploring this place.
 F = Levels seen in this place.
 G = Mean time per level.
                   A        B        C        D        E       F      G
               +--------+--------+--------+--------+--------+-----+--------+
         Total |   3084 |   2857 |    227 |    119 |   2084 |   4 |  771.0 |
       Dungeon |   3084 |   2857 |    227 |    119 |   2084 |   4 |  771.0 |
               +--------+--------+--------+--------+--------+-----+--------+

Top non-repeatable levels by time:
     D:3: 1301 daAuts
     D:2: 645 daAuts
     D:1: 579 daAuts
     D:4: 558 daAuts
